 Dungeon Crawl Stone Soup version 0.28.0-53-g5a82cb258f (webtiles) character file.

Game seed: 4647881252386956002

151 sanboga the Ducker (level 5, -7/25 HPs)
             Began as a Felid Berserker on July 12, 2022.
             Was a Priest of Trog.
             Mangled by a phantom (9 damage)
             ... on level 4 of the Dungeon.
             The game lasted 00:04:25 (3684 turns).

sanboga the Ducker (Felid Berserker)                Turns: 3684, Time: 00:04:25

Health: -7/25      AC:  1    Str: 15    XL:     5   Next: 11%
Magic:  6/6        EV: 19    Int:  9    God:    Trog [***...]
Gold:   168        SH:  0    Dex: 15    Spells: 4/4 levels left
                                        Lives:  0   Deaths: 1

rFire   . . .      SeeInvis +     - Unarmed
rCold   . . .      Faith    .   (shield unavailable)
rNeg    . . .      Spirit   .   (armour unavailable)
rPois   .          Reflect  .   (helmet unavailable)
rElec   .          Harm     .   (cloak unavailable)
rCorr   .          Rampage  .   (gloves unavailable)
Will    .....                   (boots unavailable)
Stlth   ++........              (no amulet)
HPRegen 0.08/turn               (no ring)
MPRegen 0.10/turn               (no ring)

@: on berserk cooldown, slowed, slow
A: very small, claws 1, fangs 3, see invisible, speed 1, shaggy fur 1, stealthy
paws, no weapons or thrown items, no armour, multi-lived
a: Renounce Religion, Berserk, Trog's Hand


You were on level 4 of the Dungeon.
You worshipped Trog.
Trog was most pleased with you.
You visited 1 branch of the dungeon, and saw 4 of its levels.

You collected 168 gold pieces.

Inventory:

Scrolls
 c - a scroll of immolation {unknown}
 d - a scroll of summoning {unknown}
 e - 3 scrolls of silence {unknown}
 h - a scroll of fog
 j - a scroll of fear {unknown}
Potions
 a - a potion of attraction {unknown}
 f - a potion of magic {unknown}
 g - a potion of mutation {unknown}


   Skills:
 + Level 3.9 Fighting
 + Level 5.1 Dodging
 + Level 3.0 Stealth
 * Level 4.6 Unarmed Combat


You had 4 spell levels left.
You didn't know any spells.
Your spell library was empty.

Dungeon Overview and Level Annotations

Branches:
Dungeon (4/15)
 Temple: D:4-7

Altars:
Elyvilon
Hepliaklqana
Ru
Xom
Yredelemnul


Innate Abilities, Weirdness & Mutations

You have sharp claws.
You have razor-sharp teeth.
You have supernaturally acute eyesight. (SInv)
You cover ground quickly. (Speed+)
You are covered in fur. (AC +1)
Your paws help you pounce on unaware monsters.
You are incapable of wielding weapons or throwing items.
You cannot wear armour.
You gain extra lives every three experience levels.


Message History

* * * LOW HITPOINT WARNING * * *
The endoplasm freezes you.
You are frozen.
* * * LOW HITPOINT WARNING * * *
The phantom hits you.
You're too confused to move!
The phantom barely misses you. The endoplasm completely misses you.
The phantom closely misses you. The phantom closely misses you.
The endoplasm hits you.
You scratch the endoplasm but do no damage.
You feel less invigorated.
You feel less confused. The phantom closely misses you.
The endoplasm misses you.
You barely miss the phantom. You bite the phantom.
The phantom is lightly damaged.
The phantom hits you. The endoplasm barely misses you.
The phantom completely misses you. The endoplasm freezes you.
You are frozen.
You claw the phantom!
The phantom is heavily damaged.
The phantom barely misses you. The endoplasm freezes you.
You are frozen.
You miss the phantom.
The phantom is heavily damaged.
The phantom closely misses you. The endoplasm completely misses you.
You scratch the phantom. Your bite misses the phantom.
The phantom is heavily damaged.
The phantom completely misses you. The endoplasm hits you.
The phantom completely misses you. The endoplasm misses you.
You barely miss the phantom. Your bite misses the phantom.
The phantom is heavily damaged.
The phantom hits you.
The phantom blinks!
You blink.
Found 8 gold pieces.
You scratch the endoplasm.
You kill the endoplasm!
Trog accepts your kill. The phantom completely misses you.
The phantom hits you!
* * * LOW HITPOINT WARNING * * *
The phantom hits you!
You die...

......$.... ...
#.......... ......
#.......... ......
...........
......##........
......#..#....#
....$..#.#...$#
.........W...## .
#.....@....#..
##.............
##............
##.##)?........
#..#)).........
#....##........
##...#..##..... .#
##.#...##..#
....>........
#.......##.###...#
.......


You could see a phantom.

Vanquished Creatures
  An orc priest (D:3)
  An orc wizard (D:4)
  4 gnolls
  4 adders
  2 worms
  2 dart slugs (D:3)
  8 orcs
  2 ball pythons
  2 bats
  6 endoplasms
  3 giant cockroaches
  4 goblins
  6 hobgoblins
  3 jackals
  5 quokkas
  3 kobolds
  6 rats
62 creatures vanquished.

Notes
Turn   | Place    | Note
-------+----------+-------------------------------------------
     0 | D:1      | sanboga the Felid Berserker began the quest for the Orb.
     0 | D:1      | Reached XP level 1. HP: 10/10 MP: 2/2
   599 | D:1      | Found a faded altar of an unknown god.
   604 | D:1      | Reached XP level 2. HP: 14/14 MP: 3/3
  1001 | D:2      | Reached skill level 1 in Stealth
  1269 | D:2      | Reached XP level 3. HP: 12/17 MP: 4/4
  1802 | D:2      | Identified the +7 long sword of Division {vorpal, rF+
                  | Str+3}
  1839 | D:2      | Reached ** piety under Trog
  2086 | D:3      | Found a basalt altar of Yredelemnul.
  2387 | D:3      | Found a hazy altar of Hepliaklqana.
  2452 | D:3      | Reached XP level 4. HP: 21/21 MP: 5/5
  2467 | D:3      | Found a shimmering altar of Xom.
  2491 | D:3      | Slain by a hobgoblin
  2492 | D:3      | Reached XP level 3. HP: 0/25 MP: 4/4
  2492 | D:3      | Found a sacrificial altar of Ru.
  2934 | D:3      | Found a white marble altar of Elyvilon.
  2938 | D:3      | Reached XP level 4. HP: 22/22 MP: 5/5
  3114 | D:3      | Reached skill level 5 in Dodging
  3434 | D:4      | Noticed a phantom
  3667 | D:4      | Reached XP level 5. HP: 21/25 MP: 6/6
  3671 | D:4      | HP: 1/25 [phantom (9)]
  3683 | D:4      | Reached *** piety under Trog
  3684 | D:4      | Mangled by a phantom

Illustrated notes

Levels and vault maps discovered:
D:1:      minmay_arrival_jagged, layout_loops_cross,
          hellmonk_ecumenical_altar_zigzags, amcnicky_mini_corridor_feature
D:2:      layout_loops_ring
D:3:      layout_rooms, mainiacjoe_overflow_surrounded_room,
          overflow_temple_1_default, mainiacjoe_overflow_brackets,
          hangedman_ru_absence, mainiacjoe_overflow_alcove_1
D:4:      layout_cave_pools, uniq_menkaure

Skill      XL: |  1  2  3  4 |
---------------+-------------+-----
Stealth        | 1 3 |  3.0
Unarmed Combat | 4 |  4.6
Dodging        | 5 |  5.1
Fighting       | |  3.9

Action                   |  1- 3 |  4- 6 || total
-------------------------+-------+-------++-------
Melee: Unarmed           |   101 |    63 ||   164
       Bite              |    11 |     6 ||    17
       Punch             |     2 |     1 ||     3
Invok: Berserk           |       |     3 ||     3
  Use: Scroll            |       |     2 ||     2
       Potion            |       |     1 ||     1
 Stab: Sleeping          |     4 |     1 ||     5
Armor: Skin              |     2 |     1 ||     3
Dodge: Dodged            |    66 |    65 ||   131
